Map: Rooftop Terrace

Players

OrcFoxx

  • Race: Protoss Protoss
  • Spawn Location: 6:00

TehBuffMuffn

  • Race: Zerg Zerg
  • League: Diamond
  • Spawn Location: 5:00

Infamous

  • Race: Protoss Protoss
  • League: Silver
  • Spawn Location: 6:00

Pyro

  • Race: Protoss Protoss
  • League: Diamond
  • Spawn Location: 7:00

GrimScope

  • Race: Protoss Protoss
  • Spawn Location: 12:00

AsH

  • Race: Terran Terran
  • Spawn Location: 11:00

Yamilinchas

  • Race: Protoss Protoss
  • Spawn Location: 1:00

kaka

  • Race: Terran Terran
  • Spawn Location: 12:00

VOD

Have the link to the VOD?

Description

Time

  • Played on: March 29, 2018, 10:53 a.m.
  • Length: 16:47
Show
View Real Time Build Order
Export as new Build Order

OrcFoxx Protoss 

Build Orders:  

Get SALT Encoding   

  12  0:01  Probe  
  13  0:13  Probe  
  14  0:25  Probe  
  15  0:33  Pylon  
  15  0:40  Assimilator  
  15  0:45  Assimilator  
  15  0:51  Probe  
  15  0:52  Gateway  
  16  1:03  Probe  
  17  1:06  Forge  
  17  1:15  Probe (Chrono Boost)  
  18  1:25  Probe (Chrono Boost)  
  19  1:30  Probe (Chrono Boost)  
  20  1:41  Probe (Chrono Boost)  
  21  1:48  Cybernetics Core  
  21  1:49  Probe (Chrono Boost)  
  21  1:52  Photon Cannon  
  22  1:56  Probe  
  22  2:01  Pylon  
  23  2:05  Pylon  
  23  2:09  Pylon  
  23  2:16  Pylon  
  23  2:26  Stalker  
  25  2:43  Photon Cannon  
  25  2:56  Stalker (Chrono Boost)  
  25  3:40  Nexus  
  25  3:43  Pylon  
  25  3:48  Pylon  
Show
View Real Time Build Order
Export as new Build Order

TehBuffMuffn Zerg 

Build Orders: Hatch First 

Get SALT Encoding   

  12  0:03  Drone  
  13  0:09  Drone  
  14  0:17  Overlord  
  14  0:36  Drone x3  
  17  0:47  Drone  
  18  1:00  Hatchery  
  17  1:11  Spawning Pool  
  16  1:13  Extractor  
  16  1:15  Drone  
  16  1:19  Drone  
  17  1:26  Drone  
  17  1:31  Drone  
  19  1:58  Drone x2, Extractor  
  19  1:59  Queen  
  22  2:02  Overlord  
  22  2:12  Queen  
  22  2:13  Drone  
  22  2:15  Drone  
  26  2:19  Metabolic Boost  
  26  2:23  Drone  
  26  2:28  Drone  
  28  2:34  Drone  
  28  2:36  Drone  
  30  2:52  Overlord, Zergling x2  
  31  3:00  Baneling Nest  
  31  3:03  Zergling x4  
  32  3:10  Zergling x6  
  32  3:11  Zergling x4  
  37  3:22  Overlord  
  37  3:23  Zergling x4  
  39  3:35  Zergling x2  
  39  3:36  Zergling x6  
  43  3:54  Zergling x6  
  43  3:55  Zergling x6  
  49  4:02  Baneling x5  
  49  4:03  Baneling  
  49  4:08  Zergling x6  
  52  4:12  Lair  
  52  4:15  Overlord  
  52  4:16  Overlord  
  44  4:52  Zergling x2  
  44  4:53  Zergling x16  
  51  5:26  Spire  
  50  5:29  Drone x3  
  50  5:30  Spire  
  50  5:31  Drone x3  
  53  5:59  Roach Warren  
  53  6:01  Drone x7, Hydralisk Den  
  53  6:03  Extractor  
  57  6:05  Extractor, Overlord x3  
  57  6:08  Pneumatized Carapace  
  56  6:34  Hydralisk  
  56  6:35  Hydralisk x7  
  72  6:40  Zerg Flyer Weapons Level 1  
  72  6:43  Zerg Flyer Armor Level 1  
  72  7:06  Overseer  
  72  7:25  Drone  
  72  7:26  Drone x9  
  82  7:32  Hatchery  
  82  7:36  Extractor  
  80  7:43  Baneling x3  
  80  7:44  Baneling x5  
  50  8:19  Hydralisk x7  
  56  8:20  Hydralisk x2  
  62  8:41  Drone  
  62  8:42  Drone x2  
  62  8:44  Queen  
  67  8:48  Roach  
  67  8:49  Roach x3  
  75  8:58  Drone  
  75  9:01  Drone  
  75  9:02  Zerg Flyer Weapons Level 2  
  77  9:03  Zerg Flyer Armor Level 2  
  77  9:08  Drone  
  78  9:12  Overlord x2  
  78  9:17  Grooved Spines  
  78  9:20  Glial Reconstitution  
  78  9:28  Extractor  
  78  9:29  Drone x2  
  78  9:30  Roach  
  78  9:31  Roach  
  83  9:34  Drone  
  83  9:35  Drone  
  85  9:42  Zergling x6  
  86  9:56  Hydralisk x2  
  86  9:57  Hydralisk  
  86  9:59  Roach  
  76  10:26  Roach  
  76  10:27  Roach x8  
  94  10:41  Queen, Hatchery  
  95  10:45  Muscular Augments  
  92  10:54  Roach x3  
  92  10:56  Ravager  
  99  11:00  Ravager  
  100  11:10  Evolution Chamber  
  99  11:11  Evolution Chamber  
  99  11:14  Infestation Pit  
  99  11:16  Burrow  
  97  11:20  Ravager x3  
  97  11:21  Ravager x3  
  97  11:23  Ravager  
  77  11:41  Zergling x2  
  77  11:42  Zergling x20  
  59  12:38  Drone x2  
  59  12:39  Drone x2  
  51  13:20  Hatchery  
  51  13:31  Hatchery  
  50  13:40  Drone  
  51  13:46  Drone  
  52  13:50  Drone  
  53  14:19  Hydralisk Den  
  53  14:21  Roach Warren  
  51  14:30  Hive  
  53  14:32  Drone x2  
  53  14:37  Drone  
  56  14:44  Drone  
  57  14:49  Drone  
  58  14:54  Spore Crawler  
  58  14:58  Spore Crawler, Drone  
  57  15:09  Drone  
  57  15:11  Drone  
  57  15:12  Drone x3  
  57  15:13  Drone  
  63  15:17  Drone x2  
  65  15:26  Drone x2  
  65  15:28  Drone  
  68  15:32  Extractor  
  68  15:33  Extractor  
  66  15:39  Drone x2  
  66  15:40  Drone  
  69  15:47  Zergling x2  
  69  15:48  Zergling x10  
  75  15:50  Baneling  
  75  15:51  Baneling  
  75  15:55  Zergling x6  
  78  16:05  Zergling x12  
  84  16:13  Baneling x5  
  84  16:14  Baneling x7  
  84  16:15  Baneling  
  84  16:17  Mutalisk  
Show
View Real Time Build Order
Export as new Build Order

Infamous Protoss 

Build Orders:  

Get SALT Encoding   

  12  0:05  Probe  
  13  0:19  Pylon  
  13  0:20  Probe (Chrono Boost)  
  14  0:30  Probe (Chrono Boost)  
  15  0:38  Gateway  
  15  0:40  Probe  
  16  0:53  Probe  
  16  0:57  Assimilator  
  17  1:05  Probe  
  18  1:17  Probe  
  19  1:24  Pylon  
  19  1:28  Cybernetics Core  
  19  1:38  Assimilator  
  19  1:49  Probe (Chrono Boost)  
  21  2:02  Probe (Chrono Boost)  
  21  2:12  Nexus  
  21  2:16  Pylon  
  21  2:19  Warp Gate (Chrono Boost)  
  21  2:24  Probe  
  22  2:34  Robotics Facility  
  22  2:51  Probe  
  22  2:56  Gateway  
  23  3:08  Probe  
  24  3:14  Zealot  
  26  3:20  Probe  
  26  3:24  Observer (Chrono Boost)  
  27  3:28  Probe  
  27  3:32  Probe  
  29  3:40  Probe  
  30  3:45  Probe  
  31  3:49  Immortal  
  35  3:56  Gateway  
  35  4:01  Assimilator  
  35  4:04  Probe x2  
  35  4:06  Pylon  
  37  4:16  Probe  
  38  4:27  Pylon  
  38  4:36  Stargate  
  38  4:37  Stargate  
  38  4:39  Probe  
  38  4:40  Probe  
  38  4:41  Stalker  
  38  4:42  Stalker  
  44  4:50  Immortal  
  44  4:52  Probe x2  
  50  5:04  Probe, Pylon  
  50  5:06  Stalker  
  53  5:07  Pylon  
  53  5:14  Pylon  
  53  5:30  Immortal  
  53  5:34  Zealot x2  
  61  5:48  Void Ray x2  
  69  5:55  Forge  
  69  6:00  Forge  
  69  6:03  Assimilator  
  69  6:04  Probe x2  
  71  6:10  Immortal  
  75  6:16  Probe, Sentry x3  
  82  6:31  Void Ray  
  86  6:38  Photon Cannon  
  86  6:41  Photon Cannon  
  86  6:44  Pylon  
  86  6:54  Stalker x3  
  92  7:02  Void Ray (Chrono Boost)  
  92  7:05  Protoss Ground Weapons Level 1 (Chrono Boost)  
  92  7:07  Pylon  
  94  7:13  Pylon  
  94  7:23  Probe  
  94  7:24  Immortal, Void Ray (Chrono Boost)  
  103  7:30  Probe  
  104  7:38  Gateway  
  104  7:47  Twilight Council  
  104  7:56  Stalker x3  
  110  8:02  Warp Prism  
  58  8:29  Stalker x3  
  58  8:33  Void Ray x2  
  66  8:48  Gateway  
  58  8:51  Gateway  
  58  8:52  Immortal (Chrono Boost)  
  62  9:01  Probe  
  62  9:02  Probe  
  64  9:05  Stalker  
  64  9:06  Stalker  
  68  9:15  Charge  
  68  9:16  Templar Archives  
  68  9:28  Immortal (Chrono Boost)  
  72  9:35  Sentry  
  72  9:36  Sentry  
  76  9:39  Zealot x2  
  80  9:58  Probe x2  
  82  10:00  Void Ray  
  82  10:06  Immortal (Chrono Boost)  
  82  10:26  High Templar x2  
  86  10:30  Stalker  
  88  10:40  Immortal  
  92  10:54  Archon  
  92  11:00  Stalker x3  
  92  11:01  Stalker  
  100  11:24  Nexus  
  100  11:28  Pylon  
  100  11:30  Pylon  
  100  11:32  Stalker x2  
  102  11:33  Pylon, Stalker x2  
  65  12:15  Stalker  
  65  12:16  Stalker x3  
  65  12:17  Stalker x2  
  58  12:43  Zealot x3  
  43  13:08  Stalker x3  
  49  13:23  Nexus  
  49  13:35  High Templar x3  
  55  13:54  Probe  
  55  13:55  Immortal  
  60  13:56  Void Ray (Chrono Boost)  
  53  14:06  Probe  
  45  14:13  High Templar  
  47  14:25  Pylon  
  47  14:27  Archon x2  
  47  15:01  Stalker  
  49  15:12  High Templar  
  49  15:14  Stalker  
  53  15:41  High Templar  
  40  15:42  Zealot  
  40  15:44  Zealot  
Show
View Real Time Build Order
Export as new Build Order

Pyro Protoss 

Build Orders: 1 Gate Expand 

Get SALT Encoding   

  12  0:02  Probe  
  13  0:14  Probe  
  14  0:24  Pylon  
  14  0:27  Probe  
  15  0:42  Probe (Chrono Boost)  
  16  0:46  Gateway  
  16  0:52  Probe (Chrono Boost)  
  16  0:54  Assimilator  
  17  0:57  Probe (Chrono Boost)  
  18  1:09  Probe  
  19  1:21  Probe  
  20  1:38  Nexus  
  19  1:47  Gateway  
  19  1:50  Cybernetics Core  
  19  1:59  Zealot (Chrono Boost)  
  21  2:10  Pylon  
  20  2:49  Stalker (Chrono Boost)  
  22  3:29  Pylon  
  22  3:40  Assimilator  
  22  3:53  Gateway, Cybernetics Core  
  18  4:18  Probe  
  18  4:20  Assimilator  
  18  4:23  Pylon  
Show
View Real Time Build Order
Export as new Build Order

GrimScope Protoss 

Build Orders:  

Get SALT Encoding   

  12  0:02  Probe  
  13  0:15  Pylon  
  13  0:19  Probe  
  14  0:35  Forge  
  14  0:49  Probe  
  15  0:52  Pylon  
  15  1:03  Probe  
  16  1:10  Photon Cannon  
  16  1:16  Photon Cannon  
  16  1:34  Probe (Chrono Boost)  
  17  1:40  Assimilator  
  17  1:43  Probe (Chrono Boost)  
  17  1:45  Pylon  
  18  2:00  Photon Cannon  
  18  2:03  Pylon  
  18  2:07  Photon Cannon  
  18  2:15  Photon Cannon  
  18  2:31  Photon Cannon  
  18  2:38  Photon Cannon  
  18  2:47  Pylon  
  18  2:52  Probe (Chrono Boost)  
  18  2:58  Gateway  
  19  3:01  Probe (Chrono Boost)  
  20  3:08  Photon Cannon  
  20  3:24  Pylon  
  20  3:39  Pylon  
  20  3:45  Photon Cannon  
  20  3:49  Photon Cannon  
  20  4:06  Photon Cannon  
  20  4:08  Photon Cannon  
  20  4:13  Pylon  
  20  4:32  Zealot (Chrono Boost)  
  22  4:44  Photon Cannon  
  22  4:55  Photon Cannon, Zealot (Chrono Boost)  
  22  4:57  Photon Cannon  
  8  5:48  Nexus  
  7  7:02  Probe (Chrono Boost)  
  8  7:12  Probe (Chrono Boost)  
  9  7:17  Probe (Chrono Boost)  
  10  7:28  Gateway  
  10  7:29  Probe  
  11  7:41  Probe  
  12  7:53  Probe  
  13  8:05  Probe (Chrono Boost)  
  14  8:17  Probe (Chrono Boost)  
  15  8:22  Cybernetics Core  
  15  8:25  Probe (Chrono Boost)  
  16  8:31  Probe  
  17  8:43  Probe  
  18  8:56  Probe  
  18  9:00  Assimilator  
  19  9:03  Assimilator  
  19  9:04  Warp Gate (Chrono Boost)  
  19  9:14  Twilight Council  
  19  9:16  Robotics Facility  
  19  9:31  Nexus  
  19  9:33  Probe  
  21  9:45  Probe  
  21  9:50  Gateway  
  21  9:57  Probe  
  22  10:00  Dark Shrine  
  22  10:20  Stargate  
  22  10:26  Immortal  
  26  10:32  Probe  
  27  10:38  Charge  
  27  10:52  Forge  
  27  11:03  Stargate  
  27  11:05  Probe (Chrono Boost), Stargate  
  28  11:15  Probe (Chrono Boost)  
  29  11:18  Zealot x2  
  33  11:44  Fleet Beacon  
  33  11:45  Dark Templar  
  35  11:52  Probe (Chrono Boost)  
  37  12:02  Probe (Chrono Boost)  
  37  12:07  Probe (Chrono Boost)  
  38  12:18  Probe (Chrono Boost)  
  38  12:20  Protoss Ground Weapons Level 1 (Chrono Boost)  
  39  12:28  Probe (Chrono Boost)  
  40  12:33  Probe (Chrono Boost)  
  40  12:36  Zealot x2  
  45  12:42  Pylon  
  45  12:44  Probe  
  45  12:47  Immortal  
  50  12:57  Probe (Chrono Boost)  
  52  13:06  Probe (Chrono Boost)  
  52  13:11  Probe (Chrono Boost)  
  53  13:23  Probe  
  53  13:24  Carrier (Chrono Boost)  
  53  13:25  Assimilator  
  54  13:27  Assimilator  
  60  13:35  Probe  
  61  13:45  Nexus  
  61  13:47  Probe  
  62  13:49  Phoenix  
  68  14:08  Protoss Ground Armor Level 1 (Chrono Boost)  
  68  14:09  Void Ray (Chrono Boost), Zealot x2  
  72  14:17  Probe  
  75  14:27  Phoenix (Chrono Boost)  
  75  14:29  Probe, Assimilator  
  76  14:33  Assimilator  
  77  14:46  Carrier, Observer  
  83  14:55  Zealot x2  
  87  15:05  Probe (Chrono Boost)  
  87  15:06  Pylon  
  88  15:08  Pylon  
  88  15:11  Pylon  
  89  15:15  Probe (Chrono Boost)  
  89  15:16  Immortal  
  89  15:19  Probe (Chrono Boost)  
  93  15:24  Templar Archives  
  94  15:31  Probe  
  95  15:37  Anion Pulse-Crystals (Chrono Boost)  
  95  15:41  Phoenix  
  97  15:43  Probe  
  98  15:55  Probe (Chrono Boost)  
  99  16:07  Probe (Chrono Boost)  
  99  16:10  Phoenix  
  102  16:14  Probe (Chrono Boost)  
  103  16:22  Probe  
  104  16:34  Probe  
Show
View Real Time Build Order
Export as new Build Order

AsH Terran 

Build Orders: Cyclone Opening 

Get SALT Encoding   

  12  0:01  SCV  
  13  0:13  SCV  
  14  0:19  Supply Depot  
  14  0:25  SCV  
  15  0:31  Refinery  
  15  0:44  Barracks  
  15  0:53  SCV  
  16  0:57  Refinery  
  16  1:05  SCV  
  17  1:18  SCV  
  18  1:30  SCV  
  19  1:33  Factory  
  19  1:36  Marine  
  20  1:48  Supply Depot  
  20  2:08  SCV  
  21  2:17  Cyclone  
  21  2:20  SCV  
  25  2:27  Marine  
  26  2:30  Supply Depot  
  26  2:49  Marine, Cyclone  
  30  3:21  Cyclone  
  33  3:53  Cyclone  
  36  3:59  Engineering Bay  
  36  4:17  Orbital Command  
  36  4:25  Cyclone  
  31  4:52  Marine  
  17  5:10  Marine  
  16  5:46  Orbital Command  
  16  6:35  Orbital Command  
  3  8:05  SCV  
  4  8:17  SCV  
  5  8:29  SCV  
  6  8:41  SCV  
  7  8:54  SCV  
  8  9:06  SCV  
  9  9:18  SCV  
  10  9:25  Supply Depot  
  10  9:30  SCV  
  11  9:42  SCV  
  12  9:49  Barracks  
  12  9:54  SCV  
  13  10:06  SCV  
  14  10:18  SCV  
  15  10:23  Refinery  
  15  10:25  Refinery  
  15  10:30  SCV  
  16  10:35  Engineering Bay  
  17  10:42  SCV  
  17  10:55  SCV  
  18  11:07  SCV  
  19  11:19  SCV  
  20  11:26  Command Center  
  20  11:31  SCV  
  21  11:43  SCV  
  22  11:54  Supply Depot  
  22  11:55  SCV  
  22  11:56  Barracks Tech Lab  
  23  12:15  SCV  
  24  12:27  SCV  
  25  12:39  Planetary Fortress  
  25  12:45  Missile Turret  
  25  12:53  Factory  
  25  12:57  Missile Turret  
  25  13:03  SCV  
  26  13:06  Supply Depot  
  26  13:16  SCV  
  26  13:17  SCV  
  28  13:28  SCV  
  28  13:29  Supply Depot, SCV  
  30  13:37  Refinery  
  30  13:38  Refinery  
  30  13:39  Factory Tech Lab  
  30  13:41  Factory, SCV  
  31  13:46  Supply Depot  
  31  13:49  SCV  
  31  13:51  Supply Depot  
  31  13:53  SCV  
  33  14:01  SCV  
  34  14:05  SCV  
  35  14:10  Supply Depot  
  35  14:13  SCV  
  35  14:14  Missile Turret  
  36  14:17  SCV  
  36  14:24  Widow Mine  
  39  14:26  Factory Reactor  
  39  14:29  SCV  
  39  14:30  Armory  
  40  14:39  Supply Depot  
  40  14:45  Widow Mine  
  42  14:46  SCV  
  43  14:59  SCV  
  44  15:03  Widow Mine x2  
  44  15:06  Widow Mine  
  50  15:11  Missile Turret  
  50  15:19  Drilling Claws  
  50  15:24  Widow Mine x2  
  50  15:26  Supply Depot  
  50  15:28  Widow Mine  
  56  15:45  Widow Mine  
  56  15:46  Widow Mine  
  56  15:49  Widow Mine  
  60  16:07  Widow Mine x2  
  60  16:11  Widow Mine  
  72  16:44  Supply Depot  
Show
View Real Time Build Order
Export as new Build Order

Yamilinchas Protoss 

Build Orders:  

Get SALT Encoding   

  12  0:13  Probe  
  13  0:25  Probe  
  13  0:28  Pylon  
  14  0:31  Pylon  
  14  0:36  Assimilator  
  14  0:59  Probe  
  15  1:11  Probe  
  16  1:16  Gateway  
  16  1:43  Probe  
  17  1:49  Forge  
  17  1:56  Gateway  
  17  2:02  Assimilator  
  17  2:03  Probe (Chrono Boost)  
  18  2:14  Probe (Chrono Boost)  
  18  2:15  Cybernetics Core  
  19  2:19  Probe (Chrono Boost), Zealot  
  22  2:29  Probe  
  23  2:41  Probe  
  23  2:42  Pylon  
  24  2:45  Pylon  
  24  2:49  Pylon  
  24  3:22  Nexus  
  24  3:33  Stargate  
  24  3:34  Stargate  
  24  3:42  Twilight Council  
  24  3:51  Warp Gate  
  24  4:05  Adept  
  24  4:06  Adept  
  28  4:33  Adept x2  
  28  4:34  Fleet Beacon  
  32  4:41  Probe  
  33  4:53  Probe  
  34  5:05  Probe  
  35  5:17  Probe  
  36  5:25  Robotics Facility  
  36  5:29  Probe  
  36  5:33  Assimilator  
  36  5:34  Assimilator  
  37  5:41  Probe  
  38  5:53  Probe  
  39  6:06  Probe  
  39  6:07  Carrier  
  39  6:09  Tempest  
  52  6:24  Immortal  
  57  6:32  Probe (Chrono Boost)  
  57  6:44  Probe (Chrono Boost)  
  58  6:48  Probe (Chrono Boost)  
  58  6:53  Protoss Shields Level 1  
  59  6:59  Probe  
  60  7:03  Immortal  
  64  7:11  Probe  
  65  7:22  Pylon  
  65  7:27  Pylon  
  65  7:28  Pylon  
  65  7:30  Pylon  
  65  7:31  Pylon  
  65  7:33  Pylon, Probe (Chrono Boost)  
  66  7:44  Probe (Chrono Boost)  
  67  7:48  Probe (Chrono Boost)  
  68  7:52  Carrier  
  74  7:59  Probe  
  74  8:00  Stalker  
  74  8:01  Stalker  
  79  8:09  Immortal  
  79  8:11  Probe  
  78  8:35  Stalker  
  78  8:36  Stalker  
  82  9:02  Robotics Bay  
  82  9:21  Tempest  
  82  9:22  Carrier  
  94  9:28  Stalker  
  94  9:29  Stalker  
  98  9:44  Gateway  
  98  9:45  Gateway  
  98  9:48  Gateway  
  98  9:50  Gateway  
  98  9:51  Gateway  
  98  10:02  Stalker  
  98  10:03  Stalker  
  102  10:11  Protoss Air Armor Level 1  
  102  10:14  Protoss Ground Weapons Level 1  
  102  11:21  Carrier  
  102  11:22  Tempest  
  114  12:05  Protoss Air Weapons Level 1  
  114  12:08  Protoss Ground Armor Level 1  
  114  12:09  Stalker  
  114  12:10  Stalker  
  114  12:11  Stalker  
  114  12:12  Stalker  
  114  12:14  Stalker  
  108  12:36  Tempest  
  114  12:46  Pylon  
  114  12:49  Pylon  
  114  12:51  Pylon  
  114  12:53  Pylon  
  114  12:55  Pylon  
  114  12:58  Pylon  
  114  13:01  Pylon  
  114  13:03  Pylon  
  114  13:05  Pylon  
  114  13:06  Pylon  
  114  13:07  Mothership (Chrono Boost)  
  114  13:09  Pylon  
  114  13:12  Pylon  
  122  13:14  Pylon  
  122  13:17  Carrier  
  128  13:27  Colossus  
  134  14:05  Nexus  
  134  14:18  Pylon  
  134  14:19  Pylon  
  134  14:21  Colossus  
  134  14:22  Pylon  
  134  14:24  Pylon  
  140  14:25  Pylon  
  140  14:29  Pylon  
  140  14:31  Pylon  
  140  14:34  Tempest  
  146  14:45  Photon Cannon  
  146  14:46  Photon Cannon  
  146  14:48  Photon Cannon  
  146  14:49  Photon Cannon  
  146  14:51  Photon Cannon  
  146  15:01  Photon Cannon  
  146  15:10  Photon Cannon  
  146  15:14  Photon Cannon  
  146  15:21  Photon Cannon  
  146  15:23  Probe  
  148  15:35  Probe  
  148  15:39  Stalker x2  
  149  15:58  Probe  
  150  16:11  Probe  
  151  16:23  Probe  
Show
View Real Time Build Order
Export as new Build Order

kaka Terran 

Build Orders: MMM Bio 

Get SALT Encoding   

  12  0:12  SCV  
  13  0:20  Supply Depot  
  13  0:24  SCV  
  14  0:32  Refinery  
  14  0:36  SCV  
  15  0:48  SCV  
  15  0:49  Barracks  
  16  1:00  SCV  
  17  1:12  SCV  
  18  1:35  Command Center  
  18  1:39  SCV  
  19  1:51  SCV  
  20  1:58  Factory  
  20  2:05  SCV  
  21  2:17  SCV  
  21  2:19  Engineering Bay  
  22  2:29  SCV  
  23  2:38  Refinery  
  23  2:40  Supply Depot  
  23  2:46  SCV  
  23  2:48  Barracks Tech Lab  
  24  2:55  Missile Turret, Factory Tech Lab  
  24  2:59  SCV  
  24  3:00  Missile Turret  
  25  3:14  Missile Turret  
  25  3:21  Orbital Command  
  25  3:29  Orbital Command  
  25  3:48  SCV  
  26  3:56  Siege Tank  
  26  4:00  SCV  
  26  4:02  SCV  
  31  4:07  Marine  
  31  4:08  Stimpack  
  32  4:12  SCV  
  32  4:14  Command Center  
  33  4:19  Supply Depot  
  33  4:22  Supply Depot  
  33  4:26  Marauder  
  35  4:43  Siege Tank  
  38  4:54  Marine  
  38  4:55  SCV  
  40  5:01  Barracks  
  40  5:02  Barracks  
  40  5:03  Starport  
  40  5:04  SCV  
  41  5:11  SCV  
  42  5:15  Siege Tank  
  42  5:17  SCV  
  46  5:24  SCV  
  47  5:28  Missile Turret  
  47  5:29  SCV  
  47  5:30  Orbital Command  
  48  5:36  Marine, SCV  
  48  5:41  SCV  
  48  5:42  Starport Reactor  
  51  5:43  Barracks  
  51  5:51  Barracks Tech Lab x2  
  51  5:53  SCV  
  52  6:03  SCV, Refinery  
  53  6:05  SCV, Refinery  
  53  6:09  SCV  
  55  6:12  Marine, Combat Shields  
  55  6:13  Concussive Shells  
  55  6:15  SCV  
  55  6:17  SCV  
  58  6:20  Medivac x2  
  58  6:21  SCV  
  58  6:23  Terran Infantry Weapons Level 1  
  63  6:27  SCV, Engineering Bay  
  64  6:34  SCV  
  64  6:37  Refinery  
  64  6:39  Marine x3, SCV  
  70  6:41  Barracks Reactor  
  70  6:44  Armory  
  70  6:46  SCV  
  70  6:48  Supply Depot  
  70  6:54  Terran Infantry Armor Level 1  
  70  6:57  Marine x3  
  70  6:58  SCV  
  74  7:02  Medivac  
  74  7:07  SCV  
  77  7:08  Supply Depot  
  77  7:11  Supply Depot  
  77  7:13  Supply Depot  
  77  7:14  Marine  
  77  7:15  Marine x2, Supply Depot  
  80  7:19  SCV  
  81  7:26  Barracks  
  81  7:27  Barracks  
  81  7:31  SCV  
  81  7:32  Marine x2  
  81  7:33  Marine  
  85  7:40  Marine x2  
  85  7:42  Medivac x2  
  91  7:50  Marine x3  
  91  7:55  Liberator x2  
  68  7:58  Marine x2  
  70  8:08  Marine x2  
  66  8:15  Marine x2  
  66  8:16  Marine x2  
  70  8:22  Thor  
  70  8:26  Marine x2  
  70  8:31  SCV  
  70  8:33  Marine x2  
  70  8:34  Marine  
  71  8:43  SCV  
  71  8:44  Marauder x2  
  71  8:47  Terran Infantry Weapons Level 2  
  76  8:53  Barracks Tech Lab, Barracks Reactor  
  76  8:56  SCV  
  77  9:06  Marauder x2  
  77  9:08  SCV  
  82  9:20  SCV  
  82  9:21  Marine x2, Marauder  
  82  9:23  SCV x2  
  89  9:27  Marine, Marauder  
  89  9:29  Terran Infantry Armor Level 2  
  92  9:32  SCV  
  92  9:35  SCV  
  94  9:38  Marine  
  94  9:44  SCV  
  96  9:56  SCV  
  70  10:16  Marine x2, Marauder  
  70  10:17  Marauder  
  70  10:19  Marine x3  
  72  10:22  SCV  
  72  10:26  SCV  
  74  10:32  Medivac x2  
  74  10:34  Marine x2  
  80  10:36  Siege Tank  
  80  10:37  Marine x5, Terran Vehicle Weapons Level 1  
  80  10:38  SCV  
  90  10:42  SCV  
  90  10:44  SCV  
  91  10:50  SCV  
  91  10:52  Marine x2  
  91  10:55  Marine x2, SCV, Marauder  
  91  10:56  SCV, Marauder  
  102  11:02  SCV  
  103  11:07  SCV  
  104  11:11  Command Center  
  104  11:14  Starport, SCV  
  104  11:15  Barracks  
  104  11:18  Barracks  
  105  11:19  Marine x5, SCV, Marauder x2  
  105  11:20  Barracks  
  115  11:36  Marine  
  115  11:37  Marine, Marauder  
  119  11:40  Marauder  
  121  11:58  Marine x3  
  121  11:59  Marine, Marauder  
  121  12:00  Marauder  
  118  12:01  Marauder  
  104  12:16  Marine x4  
  104  12:21  Marauder x2  
  109  12:23  Marauder  
  111  12:34  Marine x4  
  115  12:42  Marauder x2  
  115  12:44  Marine  
  110  12:52  Marine x3  
  110  12:56  Marine  
  114  13:02  Marauder  
  114  13:03  Marine  
  114  13:04  Marauder  
  115  13:09  Marine  
  112  13:14  Marine x3  
  112  13:15  Medivac x2  
  112  13:17  Starport Reactor  
  112  13:19  Refinery, Planetary Fortress  
  119  13:22  SCV, Marauder  
  119  13:23  Missile Turret, Marauder  
  119  13:25  SCV x2, Marauder  
  128  13:30  Barracks Reactor  
  128  13:34  Terran Infantry Weapons Level 3, SCV  
  129  13:35  Supply Depot  
  129  13:37  SCV x2, Terran Vehicle Weapons Level 2  
  129  13:40  Supply Depot  
  131  13:45  Medivac x2  
  131  13:46  SCV  
  136  13:49  SCV x2  
  138  13:58  SCV  
  138  14:01  SCV x2  
  137  14:10  SCV  
  137  14:15  Marine x2, Marauder  
  137  14:16  Marine x2, Medivac x2, Marauder  
  150  14:17  Medivac x2  
  150  14:19  Supply Depot x2  
  154  14:37  Marauder  
  156  14:40  Marine x3  
  156  14:41  Marauder x2  
  156  14:43  Supply Depot  
  156  14:44  Supply Depot x2  
  163  14:46  Medivac  
  163  14:47  Refinery  
  163  14:49  Missile Turret x3  
  163  14:51  Missile Turret  
  165  15:02  Factory  
  165  15:08  Factory  
  165  15:12  Refinery  
  165  15:17  Missile Turret  
  165  15:20  Missile Turret x2, Refinery  
  165  15:27  Marine, Marauder x3  
  165  16:20  Marine x4, Marauder x3  
  165  16:21  Marine x2  
Tags
 
Add a new tag
Caveats
  • Supply blocks, unpowered buildings, or Contaminate may cause inaccurate times.
  • Supply counts are checked every 10 seconds.